 Dungeon Crawl Stone Soup version 0.31.0-12-g77e489cdc1 (webtiles) character file.

Game seed: 6117092929141768948

18875 Gadfly the Basher (level 12, -1/130 HPs)
             Began as an Oni Berserker on Feb 24, 2024.
             Was a High Priest of Trog.
             Killed from afar by Frances (39 damage)
             ... with an iron shot
             ... on level 13 of the Dungeon.
             The game lasted 00:18:05 (16310 turns).

Gadfly the Basher (Oni Berserker)                  Turns: 16310, Time: 00:18:05

Health: -1/130     AC: 15    Str: 25    XL:     12   Next: 63%
Magic:  12/12      EV: 10    Int:  7    God:    Trog [*****.]
Gold:   628        SH:  0    Dex: 17    Spells: 11/11 levels left

rFire   . . .        a - +0 flail (protect)
rCold   . . .        (no shield)
rNeg    + . .        n - +0 troll leather armour
rPois   +            (helmet restricted)
rElec   .            H - +2 ratskin cloak {*Rats rPois rN+ Str-1 Int-1 Dex+1}
rCorr   .            (gloves unavailable)
SInv    +            (boots unavailable)
Will    +....        (no amulet)
Stlth   +            C - +6 ring of dexterity
HPRegen 1.21/turn    (no ring)
MPRegen 0.13/turn

%: no passive effects
@: spiked, under a protective aura
A: large, unfitting armour, horns 1, tough skin 1, double potion healing,
drunken brawling, see invisible
a: Renounce Religion, Berserk, Trog's Hand, Brothers in Arms


You were on level 13 of the Dungeon.
You worshipped Trog.
Trog was extremely pleased with you.
You visited 1 branch of the dungeon, and saw 12 of its levels.
You also visited: Ossuary.

You collected 628 gold pieces.

Inventory:

Hand Weapons
 a - a +0 flail of protection (weapon)
 b - a +0 mace of draining
 k - a -2 demon whip of venom
 t - a +1 hand axe of flaming
 J - a +0 dire flail
Armour
 n - a +0 troll leather armour (worn)
 x - +0 steam dragon scales
 H - the +2 ratskin cloak (worn) {*Rats rPois rN+ Str-1 Int-1 Dex+1}
   (You found it on level 8 of the Dungeon)

   *Rats:     When the wearer is hurt, rats may emerge from it to assist them.
   Str-1:     It affects your strength (-1).
   Int-1:     It affects your intelligence (-1).
   Dex+1:     It affects your dexterity (+1).
   rPois:     It protects you from poison rN+: It protects you from negative
   energy.
Jewellery
 C - a +6 ring of dexterity (left hand)
Wands
 c - a wand of mindburst (19) (quivered)
 o - a wand of flame (42)
 r - a wand of iceblast (20)
 w - a wand of charming (22)
 I - a wand of quicksilver (8)
Scrolls
 f - 3 scrolls of revelation
 g - 3 scrolls of enchant weapon
 i - 2 scrolls of vulnerability
 j - 3 scrolls of fog
 s - 2 scrolls of enchant armour
 u - 3 scrolls of blinking
 y - a scroll of poison
 D - a scroll of fear
 E - 3 scrolls of identify
 K - a scroll of teleportation
Potions
 d - 3 potions of lignification
 e - 2 potions of attraction
 h - 2 potions of resistance
 m - 4 potions of heal wounds
 p - 14 potions of curing
 q - 5 potions of might
 v - a potion of enlightenment
 z - a potion of mutation
 A - a potion of haste
Miscellaneous
 B - a phial of floods
 G - a lightning rod (4/4)


   Skills:
 + Level 11.1 Fighting
 * Level 11.6 Maces & Flails
 * Level 10.0 Armour
 - Level 2.6 Dodging
 * Level 9.3 Evocations


You had 11 spell levels left.
You didn't know any spells.
Your spell library was empty.

Dungeon Overview and Level Annotations

Branches:
Dungeon (11/15)            Temple (0/1) D:5            Lair (0/5) D:11
Ossuary (visited)
    Orc: D:9-12

Altars:
Ashenzari
Cheibriados
Dithmenos
Gozag
Hepliaklqana
Kikubaaqudgha
Nemelex Xobeh
Ru
Sif Muna
Uskayaw
Vehumet
Wu Jian
Xom
The Shining One

Shops:
D:6 ?   D:10 =

Annotations:
D:13 Frances


Innate Abilities, Weirdness & Mutations

You are too large for most types of armour.
You have a pair of small horns on your head.
You have tough skin. (AC +1)
You gain doubled healing and magic from potions.
Whenever you drink a healing potion, you attack all around you.
You have supernaturally acute eyesight. (SInv)


Message History

Strange energies course through your body.
Your vision sharpens.
The barbed spikes dig painfully into your body as you move.
The barbed spikes dig painfully into your body as you move.
* * * LOW HITPOINT WARNING * * *
You are confused.
You savour every drop.
You feel invigorated.
The barbed spikes dig painfully into your body as you move.
A hell rat scurries out from under your cloak.
Okay, then.
Frances says, "Show me proof of your conquests, and I will call you a great adventurer."
Frances misses you.
Okay, then.
You hit Frances.
Your weapon exudes an aura of protection.
Your headbutt misses Frances.
Frances is heavily wounded.
Frances completely misses you.
You sock Frances! You headbutt Frances!
Frances is severely wounded.
Frances says, "I have seen worlds and universes beyond all imagining."
Frances hits you with a +3 scimitar!!
A hell rat scurries out from under your cloak.
Unknown command.
You bump into the rock wall.
Frances screams a word of power!
The iron shot hits you!!! Frances hits you with a +3 scimitar!
* * * LOW HITPOINT WARNING * * *
Unknown command.
You hit your hell rat but do no damage.
You feel less invigorated.
You feel less confused.
The hell rat bites you but does no damage.
Frances chants phrases taken from a devil's mouth.
Your hell rat barely misses the hell rat.
You closely miss the hell rat.
You headbutt the hell rat, but do no damage.
The hell rat closely misses you.
Frances mutters in a terrible tongue.
The iron shot hits you!!!
You die...

#..# ##.### #...# #..#
#....# #...# #..# #....#
#...# #..# #....# #...#
...# #....# #...# ##.#
#....# #R°.# ##.# ##+#####
#.○.#
##.#####.....######3..####
.............'rr@@R4.....#
...#.........#########.....
###...........# .#.##
..).).........# . /.
###.).........# . .
###...........# ..
..############# ..# ..#


You could see Frances (fast, ally target), an efreet, a neqoxec (summoned), a
red devil (summoned), a hell rat and a friendly hell rat.

Vanquished Creatures
  2 boulder beetles
  2 two-headed ogres
  A centaur warrior (D:13)
  Nergalle (D:11)
  Amaemon (D:9)
  An arcanist (D:9)
  A cyclops (D:11)
  An orange demon (D:9)
  5 gargoyles (D:7)
  5 large abominations (D:9)
  A kobold demonologist (D:10)
  2 trolls
  3 shadows
  A wyvern (D:5)
  22 yaks
  A wraith (D:11)
  7 small abominations
  A steam dragon (D:6)
  A warg (D:7)
  2 swamp worms (D:7)
  An ice beast (D:5)
  2 sky beasts (D:7)
  4 orc warriors
  2 black bears
  9 centaurs
  2 ogres (D:6)
  A phantom (D:6)
  2 bullfrogs
  A kobold brigand (D:10)
  A gnoll sergeant (D:10)
  2 scorpions
  2 burial acolytes (Ossuary)
  7 wights
  11 killer bees
  2 howler monkeys
  3 bombardier beetles
  A centaur zombie (Ossuary)
  A human zombie (Ossuary)
  Crazy Yiuf (D:2)
  A jelly (D:4)
  5 orc priests
  A gnoll bouda (D:9)
  4 hounds
  Jessica (D:2)
  4 iguanas
  10 orc wizards
  4 mummies (Ossuary)
  Robin (D:2)
  10 adders
  8 gnolls
  A shadow imp (D:6)
  A white imp (D:6)
  2 ufetubi (D:6)
  4 ribbon worms
  A dart slug (D:4)
  21 orcs
  3 bats
  5 endoplasms
  5 giant cockroaches
  3 gnoll zombies (Ossuary)
  15 goblins
  13 hobgoblins
  4 jackals
  13 kobolds
  6 quokkas
  4 ball pythons
  6 frilled lizards
  A kobold zombie (Ossuary)
  2 orc zombies (Ossuary)
  A spectral hobgoblin (D:9)
276 creatures vanquished.

Vanquished Creatures (collateral kills)
  A wraith (D:13)
  2 orc priests (D:13)
  An orc wizard (D:13)
  An orc (D:13)
5 creatures vanquished.

Vanquished Creatures (others)
  An orc wizard (D:8)
1 creature vanquished.

Grand Total: 282 creatures vanquished

Notes
Turn   | Place    | Note
-------+----------+-------------------------------------------
     0 | D:1      | Gadfly the Oni Berserker began the quest for the Orb.
     0 | D:1      | Reached XP level 1. HP: 24/24 MP: 1/1
    90 | D:1      | Reached XP level 2. HP: 32/32 MP: 2/2
   661 | D:1      | Reached skill level 1 in Armour
   661 | D:1      | Reached skill level 1 in Evocations
   661 | D:1      | Reached XP level 3. HP: 39/39 MP: 3/3
   876 | D:2      | Noticed Jessica
   884 | D:2      | Killed Jessica
   913 | D:2      | Reached ** piety under Trog
  1049 | D:2      | Identified the +2 helmet of Tulips {+Inv rC- SInv}
  1049 | D:2      | Noticed Robin
  1051 | D:2      | Reached XP level 4. HP: 49/49 MP: 4/4
  1225 | D:2      | Killed Robin
  1362 | D:2      | Found a runed translucent door.
  1363 | D:2      | Noticed Crazy Yiuf
  1744 | D:2      | Killed Crazy Yiuf
  1745 | D:2      | Reached XP level 5. HP: 35/55 MP: 5/5
  1952 | D:3      | Found a faded altar of an unknown god.
  2042 | D:3      | Reached XP level 6. HP: 65/65 MP: 6/6
  2225 | D:3      | Found an ancient bone altar of Kikubaaqudgha.
  2231 | D:3      | Found a shimmering blue altar of Sif Muna.
  2233 | D:3      | Found a radiant altar of Vehumet.
  2381 | D:3      | Reached *** piety under Trog
  2388 | D:3      | Reached skill level 5 in Fighting
  3334 | D:4      | Found a broken altar of Ashenzari.
  3515 | D:5      | Entered Level 5 of the Dungeon
  3560 | D:5      | Reached XP level 7. HP: 71/72 MP: 7/7
  3588 | D:5      | Noticed a wyvern
  3594 | D:5      | Killed a wyvern
  3595 | D:5      | Reached skill level 5 in Maces & Flails
  4171 | D:5      | Found a staircase to the Ecumenical Temple.
  4339 | D:5      | Reached XP level 8. HP: 79/83 MP: 8/8
  4881 | D:5      | Found a snail-covered altar of Cheibriados.
  5257 | D:6      | Reached **** piety under Trog
  5505 | D:6      | Reached skill level 5 in Armour
  5585 | D:6      | Found a sand-covered staircase.
  5604 | D:6      | Found Xecluxou's Magic Scroll Shoppe.
  5719 | Ossuary  | Entered an ossuary
  5835 | Ossuary  | Reached XP level 9. HP: 57/92 MP: 9/9
  6182 | D:6      | Reached skill level 5 in Evocations
  7223 | D:7      | Noticed a gargoyle
  7237 | D:7      | Noticed a gargoyle
  7240 | D:7      | Killed a gargoyle
  7248 | D:7      | Killed a gargoyle
  7249 | D:7      | Noticed a gargoyle
  7444 | D:7      | Killed a gargoyle
  7445 | D:7      | Reached XP level 10. HP: 84/104 MP: 10/10
  7504 | D:7      | Noticed a gargoyle
  7516 | D:7      | Killed a gargoyle
  7516 | D:7      | Noticed a gargoyle
  7523 | D:7      | Killed a gargoyle
  8432 | D:7      | Found a sacrificial altar of Ru.
  8441 | D:7      | Found an ornate altar of the Wu Jian Council.
  9177 | D:8      | Found the +2 ratskin cloak {*Rats rPois rN+ Str-1 Int-1
                  | Dex+1}
  9270 | D:8      | Found a shadowy altar of Dithmenos.
  9280 | D:8      | Found a hide-covered altar of Uskayaw.
  9289 | D:8      | Found a glowing golden altar of the Shining One.
  9292 | D:8      | Found a sparkling altar of Nemelex Xobeh.
  9294 | D:8      | Found a shimmering altar of Xom.
  9300 | D:8      | Found an opulent altar of Gozag.
 10864 | D:9      | Noticed an orange demon
 10865 | D:9      | Noticed Amaemon
 10873 | D:9      | Killed an orange demon
 10885 | D:9      | Killed Amaemon
 10886 | D:9      | Reached XP level 11. HP: 115/115 MP: 11/11
 11048 | D:9      | Noticed a two-headed ogre
 11060 | D:9      | Killed a two-headed ogre
 11555 | D:9      | Found a hazy altar of Hepliaklqana.
 11662 | D:9      | Noticed an arcanist
 11672 | D:9      | Killed an arcanist
 11675 | D:9      | Noticed a large abomination
 11675 | D:9      | Noticed a large abomination
 11692 | D:9      | Reached skill level 10 in Maces & Flails
 11697 | D:9      | Killed a large abomination
 12099 | D:10     | Entered Level 10 of the Dungeon
 12343 | D:9      | Killed a large abomination
 12486 | D:9      | Reached skill level 10 in Fighting
 12738 | D:9      | Found the +3 hat of Pondering {ponderous, Will+ MP+10
                  | Int+5}
 13866 | D:10     | Found Leola's Jewellery Boutique.
 14057 | D:10     | Reached ***** piety under Trog
 14089 | D:10     | Reached XP level 12. HP: 65/127 MP: 12/12
 14372 | D:10     | Noticed a two-headed ogre
 14398 | D:10     | Killed a two-headed ogre
 15180 | D:11     | Noticed a boulder beetle
 15234 | D:10     | Killed a boulder beetle
 15862 | D:11     | Found a staircase to the Lair.
 15892 | D:11     | Noticed Nergalle
 15912 | D:11     | Killed Nergalle
 15962 | D:11     | Noticed a boulder beetle
 15981 | D:11     | Killed a boulder beetle
 16055 | D:11     | You fall into a shaft and drop 2 floors!
 16119 | D:13     | Noticed a centaur warrior
 16138 | D:13     | Killed a centaur warrior
 16139 | D:13     | Reached skill level 10 in Armour
 16284 | D:13     | Noticed Frances
 16298 | D:13     | Gained mutation: You have supernaturally acute eyesight.
                  | (SInv) [a neqoxec]
 16310 | D:13     | Killed from afar by Frances

Illustrated notes

Levels and vault maps discovered:
D:1:      lightli_arrival_farm, layout_loops_ring, minmay_tall_x
D:2:      layout_loops_ring, uniq_robin, uniq_jessica, uniq_crazy_yiuf_cottage
D:3:      layout_loops_ring, grunt_temple_overflow_magic_moments,
          basic_ecumenical_altar
D:4:      layout_rooms, lemuel_tele_altar, kennysheep_decorative_pillar
D:5:      layout_basic, cheibrodos_worm_habitat, temple_hall
D:6:      layout_rooms, serial_shops, shop,
          nicolae_ossuary_entry_false_entrances
D:7:      cheibrodos_statue_roulette, layout_loops_corners,
          mainiacjoe_overflow_swirl, worms_lemuel
D:8:      layout_basic, nicolae_overflow_hallway_of_the_gods
D:9:      layout_long_grid, nicolae_hepliaklqana_monster_ancestors, laboratory,
          uniq_amaemon
D:10:     layout_stronghold, serial_shops, shop
D:11:     layout_rooms, lair_entry_dummy, grunt_ministairs_14,
          minmay_unpleasant_kobolds, uniq_nergalle
D:13:     layout_basic, uniq_frances, uniq_sonja

Skill      XL: |  1  2  3  4  5  6  7  8  9 10 11 12 |
---------------+-------------------------------------+-----
Armour         | 1 2 3 5 6 8 9 10 | 10.0
Evocations     | 1 2 3 4 6 7 8 9 |  9.3
Maces & Flails | 4 5 6 8 9 10 11 | 11.6
Fighting       | 5 6 8 9 10 11 | 11.1
Dodging        | |  2.6

Action                     |  1- 3 |  4- 6 |  7- 9 | 10-12 || total
---------------------------+-------+-------+-------+-------++-------
  Melee: Mace              |    66 |    23 |       |       ||    89
         Headbutt          |     9 |    25 |    62 |   212 ||   308
         Punch             |     1 |       |     3 |     8 ||    12
         Dagger            |       |   122 |   155 |       ||   277
         Quarterstaff      |       |       |   103 |       ||   103
         Flail             |       |       |    31 |   720 ||   751
 Invoke: Berserk           |       |     1 |     1 |     8 ||    10
  Evoke: Wand              |       |       |       |     2 ||     2
    Use: Scroll            |    11 |     4 |     6 |     2 ||    23
         Potion            |     3 |       |     1 |     4 ||     8
   Stab: Sleeping          |       |     1 |       |       ||     1
         Confused          |       |       |     2 |       ||     2
         Petrifying        |       |       |     1 |       ||     1
         Paralysed         |       |       |     1 |       ||     1
         Distracted        |       |       |       |     4 ||     4
 Armour: Animal skin       |    41 |    87 |   200 |       ||   328
         Steam dragon scal |       |       |    51 |   675 ||   726
         Troll leather arm |       |       |       |   134 ||   134
  Dodge: Dodged            |    38 |    56 |   173 |   417 ||   684
